 Dungeon Crawl Stone Soup version 0.31-a0-198-g2ad674f65e (webtiles) character file.

Game seed: 10956025526648939488

57 qw the Shooter (level 3, 0/20 HPs)
             Began as a Deep Elf Hunter on June 25, 2023.
             Succumbed to their own poison gas
             ... on level 2 of the Dungeon.
             The game lasted 00:00:32 (1053 turns).

qw the Shooter (Deep Elf Hunter)                    Turns: 1053, Time: 00:00:32

Health: 0/20       AC:  5    Str: 10    XL:     3   Next: 73%
Magic:  5/5        EV: 11    Int: 13    God:
Gold:   82         SH:  0    Dex: 18    Spells: 2/2 levels left

rFire   . . .        Y - +1 shortbow
rCold   . . .        (shield currently unavailable)
rNeg    . . .        g - +0 ring mail
rPois   .            (no helmet)
rElec   .            (no cloak)
rCorr   .            (no gloves)
SInv    .            (no boots)
Will    .....        (no amulet)
Stlth   +            (no ring)
HPRegen 0.23/turn    (no ring)
MPRegen 0.09/turn

%: no passive effects
@: lethally poisoned (0 -> -1), invisible
A: no striking features
a: no special abilities


You were on level 2 of the Dungeon.
You visited 1 branch of the dungeon, and saw 2 of its levels.

You collected 82 gold pieces.


   Skills:
 - Level 1.5 Fighting
 + Level 7.2 Ranged Weapons
 - Level 2.4 Dodging
 - Level 1.2 Stealth


You had 2 spell levels left.
You didn't know any spells.
Your spell library was empty.

Inventory:

Hand Weapons
 Y - a +1 shortbow (weapon)
Armour
 g - a +0 ring mail (worn)
Scrolls
 a - a scroll of identify
Potions
 f - a potion of haste {unknown}
 n - a potion of attraction {unknown}

Dungeon Overview and Level Annotations

Branches:
Dungeon (2/15)

Altars:


Message History

What level of the Dungeon? (default 1, ? - help) Sorry, I don't know how to get there.
Really walk into that cloud of poison gas?
You are poisoned.
You feel very sick.
Enter note:
Enter note:
Enter note:
Enter note:
Enter note:
Enter note:
1044 ||| Stepping ~*~*~tactically~*~*~ (cloud).
You swap places.
You feel very sick.
Your adder is engulfed in poison gas.
Your adder is poisoned.
Your adder is engulfed in poison gas.
Your adder looks even sicker.
There is a lethal amount of poison in your body!
You feel very sick.
Your adder looks even sicker.
Your adder is engulfed in poison gas.
Your adder looks as sick as possible!
There is a lethal amount of poison in your body!
You feel sick.
You kill your adder!
Your adder's corpse dissolves into shadows!
There is a lethal amount of poison in your body!
You feel sick.
There is a lethal amount of poison in your body!
You feel sick.
There is a lethal amount of poison in your body!
You feel sick.
There is a lethal amount of poison in your body!
You feel sick.
There is a lethal amount of poison in your body!
You feel sick.
There is a lethal amount of poison in your body!
You feel sick.
There is a lethal amount of poison in your body!
You die...

#.....................##
#......0000..............
#....00..0....0..........
###.#..000..00####.....#.
#.#..0.....0########.#
#.00..0...00.........#
###..000..000....###.
........0.00.........
#.0.00.@r00..00.)..#.
.0.000###0.00#####.#
..###. #.000# # . .
###### ##


You could see a friendly rat (summoned).

Vanquished Creatures
  An adder (D:2)
  A worm (D:2)
  5 bats (D:1)
  An endoplasm (D:2)
  3 giant cockroaches (D:1)
  A hobgoblin (D:1)
  10 jackals
  3 quokkas (D:1)
  5 ball pythons
  2 frilled lizards
  4 kobolds
  6 rats
42 creatures vanquished.

Notes
Turn   | Place    | Note
-------+----------+-------------------------------------------
     0 | D:1      | qw the Deep Elf Hunter began the quest for the Orb.
     0 | D:1      | Reached XP level 1. HP: 12/12 MP: 3/3
     0 | D:1      | 0 ||| qw: Version: 0.3-a-22-g0ed2b0b
     0 | D:1      | 0 ||| qw: Game counter: 5351
     0 | D:1      | 0 ||| qw: Melee chars always use a shield: true
     0 | D:1      | 0 ||| qw: God list: Okawaru
     0 | D:1      | 0 ||| qw: Allow faded altars: false
     0 | D:1      | 0 ||| qw: Do Orc after clearing Dungeon:15 true
     0 | D:1      | 0 ||| qw: Do second Lair branch before Depths: true
     0 | D:1      | 0 ||| qw: Lair rune preference: random
     0 | D:1      | 0 ||| qw: Goals: Normal
     0 | D:1      | 0 ||| PLANNING D:1-11
   308 | D:1      | Reached skill level 6 in Ranged Weapons
   308 | D:1      | Reached XP level 2. HP: 16/16 MP: 4/4
   628 | D:1      | Reached XP level 3. HP: 20/20 MP: 5/5
   679 | D:1      | You fall into a shaft and drop 1 floor!
   739 | D:2      | Reached skill level 7 in Ranged Weapons
   922 | D:2      | 922 ||| UPGRADING to +0 ring mail.
   932 | D:2      | 932 ||| DROPPING +0 leather armour.
   933 | D:2      | 933 ||| READING 2 scrolls labelled SOAS RUZEERYSYOXY.
   934 | D:2      | 934 ||| READING scroll labelled SUGABUNITAWN.
   934 | D:2      | Identified a scroll of acquirement
   934 | D:2      | 934 ||| ACQUIRING 1038 gold pieces
   934 | D:2      | Acquired 1038 gold pieces
   935 | D:2      | 935 ||| READING scroll labelled VEOHEJ ROATI.
   936 | D:2      | 936 ||| READING scroll labelled POL JERHIEPT.
  1037 | D:2      | 1037 ||| READING scroll labelled ULIYLE CYSU.
  1038 | D:2      | 1038 ||| READING scroll labelled HEH JAPSOSH.
  1039 | D:2      | 1039 ||| READING scroll labelled IMEVOE ATIANNUCW.
  1040 | D:2      | 1040 ||| DRINKING 2 blue potions.
  1041 | D:2      | 1041 ||| DROPPING scroll of butterflies.
  1042 | D:2      | 1042 ||| DROPPING potion of invisibility.
  1044 | D:2      | 1044 ||| Stepping ~*~*~tactically~*~*~ (cloud).
  1047 | D:2      | HP: 4/20 [poisoned by you (poison gas)]
  1051 | D:2      | HP: 1/20 [poisoned by you (poison gas)]
  1053 | D:2      | Succumbed to their own poison gas

Levels and vault maps discovered:
D:1:      wander_arrival_peaceful_grave, layout_basic
D:2:      layout_basic, uniq_crazy_yiuf_cottage

Skill      XL: |  1  2  3 |
---------------+----------+-----
Ranged Weapons | 6 7 |  7.2
Fighting       | |  1.5
Dodging        | |  2.4
Stealth        | |  1.2

Action                     || total
---------------------------++-------
   Fire: Shortbow          ||   139
    Use: Scroll            ||     7
         Potion            ||     1
 Armour: Leather armour    ||    23
  Dodge: Dodged            ||    61

Table legend:
 A = Non-vault XP
 B = Vault XP
 C = Vault XP percentage of total XP
 D = Non-vault monster count
 E = Vault monster count
 F = Vault count percentage of total count
                 A         B        C        D         E       F
            +---------+---------+-------+---------+---------+-------
      Total |      82 |       0 |   0.0 |      42 |       0 |   0.0
            +---------+---------+-------+---------+---------+-------
        D:1 |      51 |       0 |   0.0 |      31 |       0 |   0.0
        D:2 |      31 |       0 |   0.0 |      11 |       0 |   0.0
            +---------+---------+-------+---------+---------+-------
